 Dungeon Sprint DCSS version 0.30-a0-949-g53dc5368d7 (webtiles) character file.

Game seed: 13085668123188122616

446 qeuew the Basher (level 6, 0/56 HPs)
             Began as a Demonspawn Chaos Knight on Mar 27, 2023.
             Was a Plaything of Xom.
             Slain by Sonja
             ... wielding a +0 short sword of venom
              (4 damage)
             ... in the Dungeon (Sprint I: "Red Sonja").
             The game lasted 00:01:22 (384 turns).

qeuew the Basher (Demonspawn Chaos Knight)           Turns: 384, Time: 00:01:23

Health: 0/56       AC:  9    Str: 14    XL:     6   Next: 73%
Magic:  6/6        EV: 11    Int: 14    God:    Xom [......]
Gold:   10         SH:  0    Dex: 12    Spells: 5/5 levels left

rFire   + . .      SeeInvis .    a - +0 mace (chaos)
rCold   . . .      Faith    .    (no shield)
rNeg    . . .      Spirit   .    b - +2 leather armour
rPois   .          Reflect  .    (helmet restricted)
rElec   .          Rampage  .    (no cloak)
rCorr   .          NoTele   +    (no gloves)
Will    .....                    (no boots)
Stlth   +                        (no amulet)
HPRegen 0.29/turn                (no ring)
MPRegen 0.20/turn                (no ring)

@: lethally poisoned (0 -> -39)
A: horns 1, molten scales 3, magic regeneration
a: Renounce Religion


You were in the Dungeon.
You worshipped Xom.
You were a very special plaything of Xom.
You visited 1 branch You collected 309 gold pieces.
You spent 299 gold pieces at shops.

Inventory:

Hand Weapons
 a - a +0 mace of chaos (weapon)
 d - the +10 great mace of Pimyhon {drain, Fly rN+ Str-4 Int+6}
   (You bought it in a shop in the Dungeon)

   Str:       It affects your strength (-4).
   Int:       It affects your intelligence (+6).
   rN:        It protects you from negative energy.
   Fly:       It grants you flight.
Armour
 b - a +2 leather armour (worn)
Wands
 j - a wand of iceblast (13) (quivered)
Scrolls
 i - a scroll of blinking
Potions
 f - a potion of haste
 g - 2 potions of magic
Miscellaneous
 c - a piece from Xom's chessboard (15/15)


   Skills:
 + Level 7.9 Fighting
 * Level 9.7 Maces & Flails
 * Level 4.8 Armour
 + Level 1.7 Dodging
 + Level 1.5 Stealth
 * Level 4.7 Evocations


You had 5 spell levels left.
You didn't know any spells.
Your spell library was empty.

Dungeon Overview and Level Annotations

Branches:
Dungeon (1/1)

Altars:
Cheibriados
Dithmenos
Fedhas
Gozag
Hepliaklqana
Kikubaaqudgha
Nemelex Xobeh
Okawaru
Qazlal
Ru
Sif Muna
Trog
Uskayaw
Vehumet
Wu Jian
Yredelemnul

Shops:
D (

Annotations:
D Sonja


Innate Abilities, Weirdness & Mutations

You have a pair of small horns on your head.
You are completely covered in molten scales. (AC +4, rF+)
You regenerate magic rapidly.


Message History

Sonja hits you with a +0 short sword of venom. x2
You are poisoned.
There is an open door here.
You completely miss Sonja. Your headbutt misses Sonja.
You feel very sick.
Sonja twirls her cape.
Sonja hits you but does no damage. Sonja closely misses you.
Sonja hits you but does no damage.
You are more poisoned.
You barely miss Sonja. Your headbutt misses Sonja.
You feel very sick. Sonja closely misses you.
Sonja hits you but does no damage.
You are more poisoned.
Sonja hits you with a +0 short sword of venom.
You are more poisoned.
You completely miss Sonja. Your headbutt misses Sonja.
You feel very sick. Sonja barely misses you. Sonja hits you but does no damage.
You are more poisoned.
Sonja hits you with a +0 short sword of venom.
You are lethally poisoned!
Sonja hits you with a +0 short sword of venom. x2
You are more poisoned.
Sonja hits you but does no damage.
You are more poisoned.
Okay, then.
You closely miss Sonja. Your punch misses Sonja.
You feel extremely sick.
Sonja hits you with a +0 short sword of venom.
* * * LOW HITPOINT WARNING * * *
Sonja hits you with a +0 short sword of venom.
* * * LOW HITPOINT WARNING * * *
Sonja barely misses you.
You hit Sonja but do no damage.
Sonja appears confused.
* * * LOW HITPOINT WARNING * * *
You feel extremely sick. Sonja closely misses you.
Sonja hits you with a +0 short sword of venom.
You die...
Xom thinks this is hilarious!

#<.#..').#..'..#
#..').#..').#..+
#..#####'#####'# #
#..####..#...#(# ##(!#
#..#__####..##.#~~~.c#
#..#_____##'#_.+§§§
#⌠⌠#_.∩...†..._#§§§.c#
####_..__##_K#+##+####
* #_____###@#
#########.## +$.$+
#$.$# ##.## #+#


You could see Sonja (confused).

Vanquished Creatures
  Sigmund (D)
  A yak (D)
  An ogre (D)
  A jelly (D)
  Ijyb (D)
5 creatures vanquished.

Notes
Turn   | Place    | Note
-------+----------+-------------------------------------------
     0 | D        | qeuew the Demonspawn Chaos Knight began the quest for the
                  | Orb.
     0 | D        | Reached XP level 1. HP: 18/18 MP: 1/1
     1 | D        | Noticed Ijyb
    12 | D        | Killed Ijyb
    13 | D        | Reached skill level 4 in Maces & Flails
    13 | D        | Reached skill level 1 in Dodging
    13 | D        | Gained mutation: You are partially covered in molten
                  | scales. (AC +2) [demonic ancestry]
    13 | D        | Reached XP level 2. HP: 26/26 MP: 2/2
    16 | D        | Noticed an ogre
    21 | D        | Killed an ogre
    22 | D        | Reached skill level 5 in Fighting
    22 | D        | Reached skill level 6 in Maces & Flails
    22 | D        | Gained mutation: You have a pair of small horns on your
                  | head. [demonic ancestry]
    22 | D        | Reached XP level 3. HP: 34/34 MP: 3/3
    22 | D        | Gained mutation: You are mostly covered in molten scales.
                  | (AC +3) [demonic ancestry]
    22 | D        | Reached XP level 4. HP: 40/40 MP: 4/4
    24 | D        | XOM: divination: magic mapping
    39 | D        | Noticed Sigmund
    40 | D        | XOM: silly message
    44 | D        | XOM: draining
    51 | D        | Killed Sigmund
    52 | D        | Reached skill level 8 in Maces & Flails
    52 | D        | Gained mutation: You are completely covered in molten
                  | scales. (AC +4, rF+) [demonic ancestry]
    52 | D        | Reached XP level 5. HP: 14/48 MP: 5/5
    52 | D        | Gained mutation: You regenerate magic rapidly. [demonic
                  | ancestry]
    52 | D        | Reached XP level 6. HP: 16/55 MP: 6/6
   116 | D        | XOM: stat loss: -1 Int (13/14)
   197 | D        | Found an ornate altar of the Wu Jian Council.
   197 | D        | Found a shimmering blue altar of Sif Muna.
   199 | D        | Found a radiant altar of Vehumet.
   241 | D        | Noticed a centaur warrior
   242 | D        | Noticed a centaur warrior
   248 | D        | Found Cakifi's Antique Weapon Emporium.
   248 | D        | Found an ancient bone altar of Kikubaaqudgha.
   248 | D        | Found a hazy altar of Hepliaklqana.
   248 | D        | Found a stormy altar of Qazlal.
   248 | D        | Found a hide-covered altar of Uskayaw.
   248 | D        | Found a blossoming altar of Fedhas.
   248 | D        | Found a bloodstained altar of Trog.
   248 | D        | Found an iron altar of Okawaru.
   248 | D        | Found a basalt altar of Yredelemnul.
   248 | D        | Found a snail-covered altar of Cheibriados.
   248 | D        | Found a sacrificial altar of Ru.
   248 | D        | Found a shadowy altar of Dithmenos.
   248 | D        | Noticed a yak
   249 | D        | XOM: confuse monster(s)
   250 | D        | Found an opulent altar of Gozag.
   271 | D        | Killed a yak
   272 | D        | Reached skill level 9 in Maces & Flails
   272 | D        | Reached skill level 1 in Stealth
   364 | D        | Found a sparkling altar of Nemelex Xobeh.
   368 | D        | Bought a fading great mace for 299 gold pieces
   368 | D        | Identified the +10 great mace of Pimyhon {drain, Fly rN+
                  | Str-4 Int+6} (You bought it in a shop in the Dungeon)
   374 | D        | Noticed Sonja
   384 | D        | Slain by Sonja

Illustrated notes

Levels and vault maps discovered:
D:        dungeon_sprint_1 [red_sonja_temple_1, red_sonja_temple_small_1]

Skill      XL: |  1  2  3  4  5  6 |
---------------+-------------------+-----
Fighting       | 4 5 7 |  7.9
Maces & Flails | 4 6 8 9 |  9.7
Armour         | 2 3 4 |  4.8
Dodging        | 1 |  1.7
Evocations     | 2 3 4 |  4.7
Stealth        | 1 |  1.5

Action                     |  1- 3 |  4- 6 || total
---------------------------+-------+-------++-------
  Melee: Mace              |    12 |    22 ||    34
         Headbutt          |       |     5 ||     5
  Evoke: Wand              |       |     1 ||     1
    Use: Potion            |     2 |     1 ||     3
   Stab: Confused          |       |     3 ||     3
         Sleeping          |       |     1 ||     1
 Armour: Leather armour    |     3 |     9 ||    12
  Dodge: Dodged            |     8 |     7 ||    15

Table legend: (Time is in decaauts)
 A = Elapsed time spent in this place.
 B = Non-inter-level travel time spent in this place.
 C = Inter-level travel time spent in this place.
 D = Time resting spent in this place.
 E = Time spent auto-exploring this place.
 F = Levels seen in this place.
 G = Mean time per level.
                   A        B        C        D        E       F      G
               +--------+--------+--------+--------+--------+-----+--------+
         Total |    400 |    400 |      0 |      0 |    303 |   1 |  400.0 |
       Dungeon |    400 |    400 |      0 |      0 |    303 |   1 |  400.0 |
               +--------+--------+--------+--------+--------+-----+--------+

Top non-repeatable levels by time:
       D: 400 daAuts
